 Dungeon Crawl Stone Soup version 0.31-a0-210-gccc998df9b (webtiles) character file.

Game seed: 16494437115930658885

4007 Dittersdorf the Protected (level 10, -1/65 HPs)
             Began as a Gargoyle Fighter on June 29, 2023.
             Was a Follower of Okawaru.
             Slain by a killer bee (6 damage)
             ... on level 7 of the Dungeon.
             The game lasted 00:11:32 (7966 turns).

Dittersdorf the Protected (Gargoyle Fighter)        Turns: 7966, Time: 00:11:32

Health: -1/65      AC: 30    Str: 24    XL:     10   Next: 23%
Magic:  8/10       EV:  9    Int:  9    God:    Okawaru [*.....]
Gold:   501        SH:  7    Dex:  9    Spells: 9/9 levels left

rFire   . . .        s - +3 flail (holy)
rCold   + . .        c - +0 buckler
rNeg    + + .        n - +0 plate armour
rPois   ∞            o - +1 helmet
rElec   +            w - +1 cloak
rCorr   .            (no gloves)
SInv    .            q - +0 pair of boots
Will    .....        g - amulet of faith Stlth
                     m - ring of positive energy
HPRegen 0.30/turn    p - ring of protection from cold
MPRegen 0.12/turn

%: faith
@: heroic
A: sickness immunity, AC +7, negative energy resistance 1, electricity
resistance, torment resistance 1, petrification resistance
a: Renounce Religion, Heroism


You were on level 7 of the Dungeon.
You worshipped Okawaru.
Okawaru was aware of your devotion.
You visited 2 branches of the dungeon, and saw 9 of its levels.

You collected 501 gold pieces.

Inventory:

Hand Weapons
 s - a +3 flail of holy wrath (weapon)
Missiles
 j - 14 poisoned darts (quivered)
Armour
 c - a +0 buckler (worn)
 n - a +0 plate armour (worn)
 o - a +1 helmet (worn)
 q - a +0 pair of boots (worn)
 w - a +1 cloak (worn)
Jewellery
 g - an amulet of faith (around neck)
 m - a ring of positive energy (left hand)
 p - a ring of protection from cold (right hand)
Wands
 i - a wand of flame (45)
Scrolls
 f - 5 scrolls of teleportation
 k - a scroll of fog
 r - a scroll of brand weapon
 u - 3 scrolls of enchant armour
 v - a scroll of amnesia {unknown}
Potions
 a - 4 potions of curing {unknown}
 b - 2 potions of magic
 d - 3 potions of might
 e - a potion of ambrosia {unknown}
 h - a potion of heal wounds {unknown}
 l - a potion of mutation
 t - a potion of cancellation


   Skills:
 + Level 8.6(13.6) Fighting
 + Level 7.5(12.5) Maces & Flails
 + Level 8.6(13.6) Armour
 + Level 8.6(13.6) Shields


You had 9 spell levels left.
You didn't know any spells.
Your spell library contained the following spells:

 Spells                   Type           Power      Damage    Failure   Level
 Wereblood                Tmut           0%         N/A       99%         2
 Ozocubu's Armour         Ice            0%         N/A       100%        3
 Vhi's Electric Charge    Tloc/Air       0%         N/A       100%        3
 Arcjolt                  Conj/Air       0%         1d10      100%        5
 Plasma Beam              Fire/Air       0%         2x1d10    100%        6
 Ozocubu's Refrigeration  Ice            0%         4d7       100%        7
 Sublimation of Blood     Necr           Unusable   N/A       N/A         2
 Summon Hydra             Summ           Unusable   N/A       N/A         7

Dungeon Overview and Level Annotations

Branches:
Dungeon (8/15)             Temple (1/1) D:7
   Lair: D:8-11

Altars:
Ashenzari
Cheibriados
Dithmenos
Elyvilon
Gozag
Hepliaklqana
Kikubaaqudgha
Makhleb
Okawaru
Qazlal
Ru
Trog
Uskayaw
Wu Jian
Xom
Yredelemnul
Zin
The Shining One

Shops:
D:2 (   D:7 (

Annotations:
D:8 Grum


Innate Abilities, Weirdness & Mutations

You are immune to sickness and miasma.
Your stone body is resilient. (AC +7)
You are immune to poison.
You resist negative energy. (rN+)
You are resistant to electric shocks. (rElec)
You are resistant to unholy torment.
You are immune to petrification.


Message History

You thump the bullfrog!
The bullfrog is almost dead.
The killer bee stings you but does no damage.
The wolf bites you!
* * * LOW HITPOINT WARNING * * *
The bullfrog barely misses you.
The killer bee stings you but does no damage.
The wolf barely misses you. The bullfrog hits you.
* * * LOW HITPOINT WARNING * * *
You miss the bullfrog.
The bullfrog is severely wounded.
The killer bee stings you but does no damage.
You block the wolf's attack.
The bullfrog hits you but does no damage.
You block the killer bee's attack.
You thump the bullfrog!
You kill the bullfrog!
Okawaru accepts your kill. The wolf bites you but does no damage.
The killer bee stings you but does no damage.
The wolf bites you but does no damage.
The killer bee stings you but does no damage.
The killer bee stings you but does no damage.
The killer bee attacks as you move away!
You block the killer bee's attack.
The killer bee stings you but does no damage.
The killer bee stings you but does no damage.
You closely miss the killer bee. The killer bee barely misses you.
The killer bee stings you but does no damage.
You hit the killer bee.
The killer bee is moderately wounded.
The killer bee barely misses you.
The killer bee stings you but does no damage.
You gain the combat prowess of a mighty hero.
The killer bee stings you but does no damage.
The killer bee barely misses you.
You miss the killer bee.
The killer bee is moderately wounded.
The killer bee stings you.
You die...

#...[......##.#
#....#####.##.# ##..##
#.##.# #.## ###.##.######
#.# #>#.##......# #.#
#.[.#######.# #.# ###>#
#.# #.# ####.#######.# #.#
#.@yh......#.#
#.####.##.#####.#.### ##
#......##..# #.#...# .#
#####..###.# #.###.# .#
#..# #.# #.# #.# .# #..#
#.# #.# #)# .#
#..###.####.# #.# .#
#...........# #.#
.#############.####.######
#.#


You could see a wolf and a killer bee.

Vanquished Creatures
  The ghost of AwFulAwFulPlayer the Slasher, a novice TrBr of Gozag (D:5)
  A hornet (D:7)
  A wraith (D:7)
  Eustachio (D:5)
  5 yaks (D:7)
  2 steam dragons
  A water moccasin (D:6)
  An orc warrior (D:7)
  An ogre (D:5)
  2 wolves (D:8)
  3 bullfrogs
  3 scorpions
  7 wights (D:7)
  2 gnoll boudas
  4 orc priests
  2 hounds
  Crazy Yiuf (D:7)
  A jelly (D:5)
  A sleepcap (D:7)
  Natasha (thrice) (D:2)
  4 iguanas
  8 orc wizards
  Robin (D:3)
  11 gnolls
  9 adders
  2 white imps
  4 dart slugs
  34 orcs
  9 ball pythons
  7 endoplasms
  2 giant cockroaches
  11 goblins
  8 hobgoblins
  4 jackals
  9 kobolds
  8 quokkas
  4 bats (D:1)
  2 frilled lizards
  A rat (D:3)
181 creatures vanquished.

Vanquished Creatures (others)
  An orc wizard (D:7)
  An adder (D:6)
2 creatures vanquished.

Grand Total: 183 creatures vanquished

Notes
Turn   | Place    | Note
-------+----------+-------------------------------------------
     0 | D:1      | Dittersdorf the Gargoyle Fighter began the quest for the
                  | Orb.
     0 | D:1      | Reached XP level 1. HP: 14/14 MP: 1/1
   239 | D:1      | Reached XP level 2. HP: 11/19 MP: 2/2
   853 | D:2      | Reached XP level 3. HP: 17/23 MP: 3/3
  1058 | D:2      | Found a faded altar of an unknown god.
  1244 | D:2      | Noticed Natasha
  1392 | D:2      | Killed Natasha
  1393 | D:2      | Reached XP level 4. HP: 29/29 MP: 4/4
  1421 | D:2      | Noticed Natasha
  1456 | D:2      | Killed Natasha
  1893 | D:2      | Noticed Natasha
  1903 | D:2      | Killed Natasha
  1904 | D:2      | Reached XP level 5. HP: 33/33 MP: 5/5
  1912 | D:2      | Found Gasit's Weapon Shoppe.
  2268 | D:3      | Found a hide-covered altar of Uskayaw.
  2299 | D:3      | Noticed Robin
  2308 | D:3      | Killed Robin
  2355 | D:3      | Reached XP level 6. HP: 16/39 MP: 6/6
  2560 | D:3      | Found a basalt altar of Yredelemnul.
  3318 | D:4      | Reached skill level 5 in Fighting
  3318 | D:4      | Reached skill level 5 in Armour
  3318 | D:4      | Reached skill level 5 in Shields
  3426 | D:4      | Reached XP level 7. HP: 31/44 MP: 7/7
  3485 | D:4      | You fall into a shaft and drop 1 floor!
  3485 | D:5      | Entered Level 5 of the Dungeon
  4267 | D:5      | Noticed Eustachio
  4295 | D:5      | Killed Eustachio
  4529 | D:5      | Identified the +8 hand axe of Charmed Forgiveness
                  | {antimagic, rC+ rCorr Int+2}
  4885 | D:5      | Reached XP level 8. HP: 46/51 MP: 8/8
  5052 | D:5      | Found a runed translucent door.
  5054 | D:5      | Noticed AwFulAwFulPlayer's ghost (novice TrBr)
  5437 | D:5      | Reached skill level 5 in Maces & Flails
  5608 | D:6      | Found a burning altar of Makhleb.
  5840 | D:6      | Found an ancient bone altar of Kikubaaqudgha.
  6256 | D:7      | Reached XP level 9. HP: 49/56 MP: 9/9
  6333 | D:7      | Found a broken altar of Ashenzari.
  6463 | D:7      | Found a glowing silver altar of Zin.
  6838 | D:7      | Found Suhosch's Weapon Shop.
  6876 | D:7      | Found a staircase to the Ecumenical Temple.
  6886 | Temple   | Entered the Ecumenical Temple
  6897 | Temple   | Became a worshipper of Warmaster Okawaru
  7011 | D:7      | Found a runed translucent door.
  7012 | D:7      | Noticed Crazy Yiuf
  7214 | D:7      | Killed Crazy Yiuf
  7351 | D:5      | Killed AwFulAwFulPlayer's ghost
  7468 | D:7      | Reached * piety under Okawaru
  7527 | D:8      | Noticed a hornet
  7542 | D:7      | Reached XP level 10. HP: 38/64 MP: 10/10
  7660 | D:7      | Reached ** piety under Okawaru
  7931 | D:8      | Noticed Grum
  7957 | D:7      | HP: 2/65 [bullfrog (6)]
  7966 | D:7      | Slain by a killer bee

Illustrated notes

Levels and vault maps discovered:
D:1:      dpeg_arrival_lava_altar, layout_basic, serial_bayou_pond_a
D:2:      layout_basic, serial_shops, nicolae_lakefront_shop,
          chequers_ecumenical_altar_twisty, uniq_natasha
D:3:      layout_loops_ring, mainiacjoe_overflow_boulevard,
          mainiacjoe_overflow_alcove_2, corner_web_ring, uniq_robin
D:4:      layout_loops_cross, st_stairs_2
D:5:      layout_layer_cave, ebering_ghost_reflecting_pool,
          eino_small_chamber_without_monster, uniq_eustachio
D:6:      layout_rooms, mainiacjoe_overflow_catwalk_spiral, interstate_on_off
D:7:      layout_loops_ring, kennysheep_mini_moat, mainiacjoe_overflow_catwalk,
          minmay_temple_entry_proselytizer, serial_shops, shop,
          minmay_misc_feat_roman, chequers_mini_garden, uniq_crazy_yiuf_cottage
D:8:      layout_gridville, corexii_checkpoint_a, minmay_joined_circles,
          uniq_grum
Temple:   lightli_temple_of_artemis

Skill      XL: |  1  2  3  4  5  6  7  8  9 |
---------------+----------------------------+-----
Fighting       | 4 5 6 8 |  8.6
Armour         | 4 5 6 8 |  8.6
Shields        | 4 5 6 8 |  8.6
Maces & Flails | 3 4 5 7 |  7.5

Action                     |  1- 3 |  4- 6 |  7- 9 | 10-12 || total
---------------------------+-------+-------+-------+-------++-------
  Melee: Flail             |   123 |   217 |   340 |    62 ||   742
  Throw: Dart              |       |       |    17 |       ||    17
 Invoke: Heroism           |       |       |       |     1 ||     1
    Use: Scroll            |       |     7 |     3 |     2 ||    12
 Armour: Scale mail        |    91 |    10 |       |       ||   101
         Chain mail        |       |   119 |   179 |       ||   298
         Plate armour      |       |       |    75 |    90 ||   165
  Dodge: Dodged            |    80 |    88 |   148 |    39 ||   355
  Block: Buckler           |    39 |    57 |    94 |    38 ||   228

Table legend: (Time is in decaauts)
 A = Elapsed time spent in this place.
 B = Non-inter-level travel time spent in this place.
 C = Inter-level travel time spent in this place.
 D = Time resting spent in this place.
 E = Time spent auto-exploring this place.
 F = Levels seen in this place.
 G = Mean time per level.
                   A        B        C        D        E       F      G
               +--------+--------+--------+--------+--------+-----+--------+
         Total |   8159 |   7676 |    483 |   1158 |   4595 |   9 |  906.6 |
       Dungeon |   8136 |   7653 |    483 |   1158 |   4593 |   8 | 1017.0 |
        Temple |     22 |     22 |      0 |      0 |      2 |   1 |   22.0 |
               +--------+--------+--------+--------+--------+-----+--------+

Top non-repeatable levels by time:
     D:5: 1535 daAuts
     D:7: 1375 daAuts
     D:3: 1123 daAuts
     D:2: 1088 daAuts
     D:4: 1088 daAuts
     D:1: 958 daAuts
     D:6: 749 daAuts
     D:8: 217 daAuts
  Temple: 22 daAuts
